 Dungeon Crawl Stone Soup version 0.31.0-32-g396128a36d (webtiles) character file.

Game seed: 14858527513619894801

6528 KKCryptic the Covert (level 11, -9/63 HPs)
             Began as an Octopode Shapeshifter on Mar 27, 2024.
             Was a Believer of Dithmenos.
             Killed from afar by a steam dragon (17 damage)
             ... with a ball of steam
             ... on level 9 of the Dungeon.
             The game lasted 00:36:33 (8351 turns).

KKCryptic the Covert (Octopode Shapeshifter)        Turns: 8351, Time: 00:36:33

Health: -9/63      AC:  5    Str: 13    XL:     11   Next: 1%
Magic:  11/13      EV: 15    Int: 27    God:    Dithmenos [**....]
Gold:   437        SH:  5    Dex: 14    Spells: 6/10 levels left

rFire   . . .        u - +4 quick blade (venom)
rCold   . . .        (no shield)
rNeg    + . .        (helmet currently unavailable)
rPois   .            c - amulet of reflection
rElec   .            e - +4 ring of protection
rCorr   .            w - +6 ring of intelligence
SInv    .            x - +6 ring of intelligence
Will    .....        C - ring of positive energy
Stlth   +++++++      (no ring)
HPRegen 0.30/turn    (no ring)
MPRegen 0.13/turn    (no ring)
                     (no ring)

%: reflection
@: beast-form, wreathed by umbra, studying Shields
A: beast (slay +4), almost no armour, amphibious, 8 rings, camouflage 1,
gelatinous body 1, (nimble swimmer 1), tentacles
a: Begin Untransformation, Renounce Religion, Shadow Step


You were on level 9 of the Dungeon.
You worshipped Dithmenos.
Dithmenos was pleased with you.
You were a hulking beast.
You visited 3 branches of the dungeon, and saw 11 of its levels.

You collected 437 gold pieces.

Inventory:

Hand Weapons
 j - a +2 short sword of protection
 u - a +4 quick blade of venom (weapon)
Missiles
 d - a curare-tipped dart
 f - 8 poisoned darts (quivered)
 q - 5 atropa-tipped darts
Armour
 a - a +1 hat
Jewellery
 c - an amulet of reflection (around mantle)
 e - a +4 ring of protection (left tentacle)
 w - a +6 ring of intelligence (right tentacle)
 x - a +6 ring of intelligence (on tentacle)
 C - a ring of positive energy (on tentacle)
Talismans
 b - a beast talisman
 n - a granite talisman
Wands
 o - a wand of charming (15)
 r - a wand of acid (7)
 y - a wand of iceblast (9)
 B - a wand of digging (3)
 E - a wand of mindburst (22)
Scrolls
 h - 2 scrolls of amnesia
 k - 2 scrolls of fear
 m - a scroll of blinking
 s - 3 scrolls of poison
 t - 2 scrolls of teleportation
 A - 3 scrolls of fog {unknown}
 F - a scroll of butterflies {unknown}
Potions
 g - a potion of brilliance
 i - 2 potions of resistance
 l - 2 potions of attraction
 p - 2 potions of haste
 z - a potion of curing
 D - a potion of mutation {unknown}


   Skills:
 - Level 1.0 Fighting
 * Level 5.1(6.1) Short Blades
 - Level 4.8(5.9) Long Blades
 - Level 2.0 Throwing
 - Level 5.0 Dodging
 + Level 9.0 Stealth
 - Level 5.0 Shields
 - Level 5.0 Unarmed Combat
 + Level 3.0 Hexes
 + Level 3.4 Invocations
 + Level 3.2 Evocations
 * Level 9.0 Shapeshifting


You had 6 spell levels left.
You knew the following spells:

 Your Spells              Type           Power      Damage    Failure   Level
a - Slow                  Hex            64%        N/A       3%          1
z - Confusing Touch       Hex            16%        N/A       11%         3

Your spell library contained the following spells:

 Spells                   Type           Power      Damage    Failure   Level
 Sigil of Binding         Hex            16%        N/A       11%         3
 Static Discharge         Conj/Air       0%         3-3/arc   19%         2
 Fugue of the Fallen      Necr           0%         N/A       34%         3
 Hailstorm                Conj/Ice       0%         3d5       34%         3
 Ozocubu's Armour         Ice            0%         N/A       34%         3
 Summon Ice Beast         Ice/Summ       0%         N/A       34%         3
 Vampiric Draining        Necr           0%         2d6       34%         3
 Airstrike                Air            0%         2d(0-16)  75%         4
 Manifold Assault         Tloc           0%         N/A       75%         4
 Summon Lightning Spire   Summ/Air       0%         N/A       75%         4
 Summon Mana Viper        Hex/Summ       8%         N/A       87%         5
 Sculpt Simulacrum        Ice/Alch       0%         N/A       100%        6
 Monstrous Menagerie      Summ           0%         N/A       100%        7


Dungeon Overview and Level Annotations

Branches:
Dungeon (9/15)             Temple (1/1) D:5            Lair (1/5) D:8
    Orc: D:9-12

Altars:
Ashenzari
Cheibriados
Dithmenos
Elyvilon
Fedhas
Gozag
Hepliaklqana
Kikubaaqudgha
Makhleb
Nemelex Xobeh
Okawaru
Qazlal
Ru
Sif Muna
Trog
Uskayaw
Vehumet
Wu Jian
Xom
Yredelemnul
The Shining One

Shops:
D:1 *!*(   D:5 *

Annotations:
D:6 3 runed translucent doors, Seamuus's ghost, novice MiFi
D:8 2 transporters, middlethird's ghost, novice VSIE


Innate Abilities, Weirdness & Mutations

You are a hulking beast.
Your limbs bulge with bestial killing power. (Slay +4)
You cannot wear most types of armour.
You are amphibious.
You can wear up to eight rings at the same time.
Your skin changes colour to match your surroundings (Stealth+).
Your rubbery body absorbs attacks. (AC +1, EV +1)
((You are camouflaged when in or above water. (Stealth+)))
You have tentacles for arms and can constrict up to eight enemies at once.


Message History

* * * LOW HITPOINT WARNING * * *
You hit the steam dragon.
The steam dragon is poisoned.
You closely miss the steam dragon.
The steam dragon is lightly wounded.
You feel yourself speed up.
Your surroundings suddenly seem different.
Okay, then.
The steam dragon hisses angrily.
You hit the hornet but do no damage.
The hornet is poisoned.
You grab the hornet. You barely miss the hornet.
The hornet is heavily wounded.
You constrict the hornet, but do no damage.
The hornet misses you.
You hit the hornet.
The hornet looks as sick as possible!
You squeeze the hornet. You hit the hornet.
The hornet looks as sick as possible!
You squeeze the hornet.
You kill the hornet!
Dithmenos accepts your kill.
Your Stealth skill increases to level 9!
Your Hexes skill increases to level 3!
You closely miss the steam dragon. You hit the steam dragon.
The steam dragon looks even sicker.
Your squeeze misses the steam dragon.
The steam dragon is moderately wounded.
The steam dragon completely misses you. The steam dragon barely misses you.
You hit the steam dragon.
The steam dragon looks as sick as possible!
You barely miss the steam dragon. You squeeze the steam dragon.
The steam dragon is severely wounded.
You block the steam dragon's attack. The steam dragon barely misses you.
You hit the steam dragon.
You kill the steam dragon!
Dithmenos accepts your kill.
Your Shapeshifting skill increases to level 9!
You have reached level 11!
You hit the steam dragon.
The steam dragon is poisoned.
You hit the steam dragon but do no damage.
The steam dragon is moderately wounded.
The steam dragon breathes steam at you. The ball of steam hits you!
You die...

. ......#[....#.....#..##.##..
... ♣...####+##'##+###...#.##..
♣...♣...#.##.#.......#........?
..........#..#...............#.
.♣.................<.......##.
..........>.......#............
♣...♣....##.......####.........
.........##..†D....###.........
..............h....##...)..(...
..#...##........[..............
. #####...####.................
###.! ####....)......... #.
#.............. #..#...........
...#..>........ #. .....#..##..
##....#.## ..


You could see a steam dragon (very poisoned, catching breath).

Vanquished Creatures
  A two-headed ogre (D:7)
  Amaemon (D:8)
  Joseph (D:8)
  An orange demon (D:8)
  2 hornets
  A wyvern (D:9)
  A wraith (D:9)
  6 yaks (D:9)
  Eustachio (D:5)
  3 steam dragons
  Menkaure (D:7)
  Edmund (D:5)
  2 water moccasins (D:8)
  Duvessa (D:5)
  An orc warrior (D:7)
  A black bear (D:5)
  An ogre (D:6)
  2 centaurs (D:4)
  A phantom (D:5)
  A bullfrog (D:7)
  A gnoll sergeant (D:7)
  4 scorpions
  Dowan (D:5)
  2 howler monkeys (D:8)
  4 bombardier beetles
  Crazy Yiuf (D:3)
  2 jellies
  5 orc priests
  5 hounds
  2 sleepcaps
  4 iguanas
  Terence (D:3)
  Natasha (thrice) (D:3)
  2 orc wizards
  Robin (D:2)
  12 adders
  8 gnolls
  2 shadow imps (D:8)
  2 white imps (D:7)
  2 ufetubi (D:7)
  2 dart slugs
  26 orcs
  7 ball pythons
  7 bats
  10 endoplasms
  2 giant cockroaches
  17 goblins
  7 hobgoblins
  4 jackals
  4 quokkas
  A frilled lizard (D:3)
  8 kobolds
  6 rats
195 creatures vanquished.

Vanquished Creatures (collateral kills)
  A phantom (D:5)
1 creature vanquished.

Vanquished Creatures (others)
  An orc wizard (D:5)
  An orc (D:5)
2 creatures vanquished.

Grand Total: 198 creatures vanquished

Notes
Turn   | Place    | Note
-------+----------+-------------------------------------------
     0 | D:1      | KKCryptic the Octopode Shapeshifter began the quest for the
                  | Orb.
     0 | D:1      | Reached XP level 1. HP: 13/13 MP: 1/1
    64 | D:1      | Found Barisaj's Antique Weapon Emporium.
   125 | D:1      | Reached XP level 2. HP: 18/18 MP: 2/2
   132 | D:1      | Reached skill level 1 in Stealth
   353 | D:1      | Found Ysipi Kyng's Assorted Antiques.
   425 | D:1      | Found Ruukhlel's Distillery.
   458 | D:1      | Reached XP level 3. HP: 18/23 MP: 3/3
   641 | D:1      | Found Cudghaish's General Store.
  1119 | D:2      | Noticed Robin
  1149 | D:2      | Reached XP level 4. HP: 24/28 MP: 4/4
  1154 | D:2      | Killed Robin
  1308 | D:2      | Reached skill level 1 in Long Blades
  1624 | D:3      | Found a runed translucent door.
  1625 | D:3      | Noticed Crazy Yiuf
  1636 | D:3      | Killed Crazy Yiuf
  1637 | D:3      | Reached XP level 5. HP: 26/33 MP: 5/5
  1769 | D:3      | Noticed Natasha
  1779 | D:3      | Killed Natasha
  2065 | D:3      | Reached XP level 6. HP: 38/38 MP: 6/6
  2224 | D:3      | Noticed Terence
  2229 | D:3      | Killed Terence
  2565 | D:3      | Noticed Natasha
  2570 | D:3      | Killed Natasha
  2634 | D:3      | Noticed Natasha
  2646 | D:3      | Killed Natasha
  2706 | D:4      | Found a shadowy altar of Dithmenos.
  2764 | D:4      | Became a worshipper of Dithmenos the Shadowed
  2786 | D:4      | Found a white marble altar of Elyvilon.
  2824 | D:4      | Reached skill level 5 in Shapeshifting
  2908 | D:4      | Reached XP level 7. HP: 35/43 MP: 7/7
  3015 | D:4      | Reached skill level 1 in Throwing
  3111 | D:4      | Found a bloodstained altar of Trog.
  3316 | D:4      | Reached skill level 5 in Stealth
  3625 | D:5      | Entered Level 5 of the Dungeon
  3625 | D:5      | Noticed Edmund
  3643 | D:5      | Killed Edmund
  3644 | D:5      | Reached XP level 8. HP: 22/48 MP: 8/8
  3751 | D:5      | Reached skill level 1 in Shields
  3756 | D:5      | Found Kobbaus's CLEARANCE SALE!.
  3821 | D:5      | HP: 2/72 [black bear (4)]
  3828 | D:5      | HP: 1/72 [orc priest/+0 war axe (2)]
  3833 | D:5      | Reached * piety under Dithmenos
  4127 | D:5      | Noticed Eustachio
  4138 | D:5      | Killed Eustachio
  4139 | D:5      | Reached skill level 5 in Unarmed Combat
  4161 | D:5      | Found an opulent altar of Gozag.
  4279 | D:5      | Noticed Duvessa
  4285 | D:5      | Noticed Dowan
  4292 | D:5      | Killed Duvessa
  4296 | D:5      | Killed Dowan
  4297 | D:5      | Reached XP level 9. HP: 19/53 MP: 9/9
  4817 | D:5      | Found a staircase to the Ecumenical Temple.
  4854 | Temple   | Entered the Ecumenical Temple
  4973 | D:6      | Identified a scroll of acquirement
  4973 | D:6      | Acquired a +2 quick blade of venom
  5119 | D:6      | Found a burning altar of Makhleb.
  5372 | D:6      | Found a runed translucent gate.
  5375 | D:6      | Found a runed translucent gate.
  5375 | D:6      | Found a runed translucent gate.
  5411 | D:6      | Found an ancient bone altar of Kikubaaqudgha.
  5411 | D:6      | Found a radiant altar of Vehumet.
  5411 | D:6      | Found a sparkling altar of Nemelex Xobeh.
  5421 | D:6      | Noticed Seamuus's ghost (novice MiFi)
  5947 | D:7      | Noticed a two-headed ogre
  5958 | D:7      | Killed a two-headed ogre
  5959 | D:7      | Reached skill level 1 in Short Blades
  6074 | D:7      | Reached skill level 5 in Shields
  6256 | D:7      | Reached ** piety under Dithmenos
  6368 | D:7      | Learned a level 1 spell: Slow
  6372 | D:7      | Learned a level 3 spell: Confusing Touch
  6534 | D:7      | Noticed Menkaure
  6541 | D:7      | Killed Menkaure
  6542 | D:7      | Reached skill level 1 in Invocations
  6624 | D:7      | Found a snail-covered altar of Cheibriados.
  6793 | D:8      | Noticed a hornet
  6795 | D:8      | Killed a hornet
  6796 | D:8      | Reached skill level 1 in Hexes
  6796 | D:8      | Reached skill level 1 in Evocations
  6796 | D:8      | Reached XP level 10. HP: 58/58 MP: 10/10
  6825 | D:8      | Noticed Joseph
  6825 | D:8      | Noticed Amaemon
  6825 | D:8      | Noticed an orange demon
  6899 | D:8      | Found a hazy altar of Hepliaklqana.
  6922 | D:8      | Found a staircase to the Lair.
  7171 | D:8      | Identified the +6 longbow "Beabracw" {flame, rF+}
  7483 | D:8      | Killed Joseph
  7484 | D:8      | Reached skill level 5 in Dodging
  7637 | D:8      | Found a transporter.
  7642 | D:8      | Found a transporter.
  7643 | D:8      | Noticed middlethird's ghost (novice VSIE)
  7919 | D:8      | Killed Amaemon
  7925 | D:8      | Killed an orange demon
  7939 | Lair:1   | Entered Level 1 of the Lair of Beasts
  7979 | Lair:1   | Noticed a cane toad
  7988 | Lair:1   | HP: 2/58 [cane toad (13)]
  8303 | D:9      | Reached skill level 5 in Short Blades
  8313 | D:9      | Found a broken altar of Ashenzari.
  8351 | D:9      | Reached XP level 11. HP: 8/63 MP: 11/13
  8351 | D:9      | Killed from afar by a steam dragon

Illustrated notes

Levels and vault maps discovered:
D:1:      co_arrival_random_square_maze, layout_basic, serial_shops,
          nicolae_diamond_shop, shop, shop, nicolae_shop_rolling_square,
          minmay_cut_off
D:2:      layout_basic, uniq_robin
D:3:      layout_loops_corners, uniq_terence, uniq_natasha,
          uniq_crazy_yiuf_cottage
D:4:      layout_basic, mainiacjoe_overflow_six_doors_small, lemuel_round_altar,
          kennysheep_mini_moat, minmay_manual_mares
D:5:      layout_basic, grunt_gozag_breadcrumbs, minmay_temple_entry_tees,
          nicolae_shop_clearance, uniq_edmund, uniq_eustachio, uniq_duvessa
D:6:      layout_loops_corners, gammafunk_temple_overflow_claw,
          lemuel_doored_altar, gammafunk_ghost_icy
D:7:      layout_basic, kennysheep_slug_shrine, uniq_menkaure
D:8:      layout_loops_corners, mainiacjoe_overflow_chevrons,
          gammafunk_ghost_hive, minmay_misc_feat_more_columns, minivault_21,
          st_stairs_1, uniq_joseph, uniq_amaemon
D:9:      layout_cave_pools, zin_angel, mainiacjoe_overflow_24_doors,
          serial_park, serial_park_tiny_1, serial_park_tiny_pond,
          serial_park_square2, serial_park_square3 [serial_park_minivault_5x5_1]
Temple:   cyrus_temple_forest
Lair:1:   layout_roguey, minivault_27, minivault_26,
          chequers_serial_rivers_small_3, chequers_serial_rivers_small_a,
          serial_bayou_ford_a, st_stairs_9

Skill      XL: |  1  2  3  4  5  6  7  8  9 10 |
---------------+-------------------------------+-----
Stealth        | 1 2 3 4 5 6 7 9 |  9.0
Unarmed Combat | 4 5 |  5.0
Long Blades    | 1 2 3 4 |  4.8
Shapeshifting  | 4 5 6 8 9 |  9.0
Throwing       | 2 |  2.0
Shields        | 3 5 |  5.0
Dodging        | 3 4 5 |  5.0
Short Blades   | 2 5 |  5.1
Invocations    | 1 3 |  3.4
Hexes          | 1 3 |  3.0
Evocations     | 1 3 |  3.2
Fighting       | |  1.0

Action                     |  1- 3 |  4- 6 |  7- 9 | 10-12 || total
---------------------------+-------+-------+-------+-------++-------
  Melee: Unarmed           |    41 |       |       |       ||    41
         Constrict         |    15 |    20 |    42 |    14 ||    91
         Tentacles         |    12 |    18 |    50 |    39 ||   119
         Punch             |     2 |     2 |     9 |     3 ||    16
         Short sword       |    39 |    85 |   155 |       ||   279
         Quick blade       |       |       |    88 |   150 ||   238
  Throw: Dart              |       |     3 |     9 |       ||    12
   Cast: Confusing Touch   |       |       |       |     2 ||     2
  Evoke: Wand              |       |       |     2 |     1 ||     3
    Use: Scroll            |     4 |     5 |     6 |     3 ||    18
         Potion            |       |       |     6 |     3 ||     9
   Stab: Sleeping          |    10 |     7 |    21 |     6 ||    44
         Distracted        |       |     1 |       |     1 ||     2
 Armour: Skin              |    26 |    45 |   253 |    47 ||   371
  Dodge: Dodged            |    50 |    42 |   129 |    58 ||   279
  Block: Other             |       |       |       |    11 ||    11
